 Dungeon Crawl Stone Soup version 0.25-a0-781-gc44aebf4fe (webtiles) character file.

Game seed: 2591933534041468083, levelgen mode: deterministic

54690 kae the Brawler (level 14, -4/138 HPs)
             Began as a Pale Draconian Transmuter on Apr 15, 2020.
             Was the Champion of Makhleb.
             Succumbed to a redback's poison
             ... on level 5 of the Lair of Beasts.
             The game lasted 00:33:42 (24030 turns).

kae the Brawler (Pale Draconian Transmuter)        Turns: 24030, Time: 00:33:43

Health: -4/138     AC: 12    Str: 15    XL:     14   Next: 35%
Magic:  1/45       EV: 12    Int: 17    God:    Makhleb [******]
Gold:   811        SH:  0    Dex: 12    Spells: 16/31 levels left

rFire    . . .     SeeInvis .     - Unarmed
rCold    + + .     Gourm    .   (no shield)
rNeg     + + .     Faith    .   (armour unavailable)
rPois    .         Spirit   +   y - +2 hat of the Bear Spirit {Spirit, +Rage rN+ MR++}
rElec    .         Reflect  .   e - +0 cloak
rCorr    .         Harm     .   x - +0 pair of gloves of the Mutiny {rC++ rN+ Str-2 Int+3}
MR       +++..                  (no boots)
Stlth    +.........             (no amulet)
HPRegen  0.33/turn              Q - ring of magical power
MPRegen  0.29/turn              K - ring of magical power

@: lethally poisoned (-4 -> -92), very slightly contaminated, slowed, very slow
A: breathe steam, unfitting armour, robust 1, cold-blooded, AC +8
a: Breathe Steam, Minor Destruction, Lesser Servant of Makhleb, Major
Destruction, Greater Servant of Makhleb, Renounce Religion, Evoke Berserk Rage


You were on level 5 of the Lair of Beasts.
You worshipped Makhleb.
Makhleb was exalted by your worship.
You were not hungry.

You visited 4 branches of the dungeon, and saw 19 of its levels.
You also visited: Ossuary and Gauntlet.

You collected 1358 gold pieces.
You spent 547 gold pieces at shops.

Inventory:

Missiles
 a - 82 arrows
Armour
 e - a +0 cloak (worn)
 t - a +2 hat
 u - the cursed -1 hat "Put-Me-On" {-Tele rPois Dex+8}
   (You found it in a Gauntlet)

   It affects your dexterity (+8).
   It protects you from poison.
   It prevents most forms of teleportation.
   It has a curse placed upon it.
 x - the +0 pair of gloves of the Mutiny (worn) {rC++ rN+ Str-2 Int+3}
   (You found it on level 10 of the Dungeon)

   It affects your strength (-2).
   It affects your intelligence (+3).
   It greatly protects you from cold.
   It protects you from negative energy.
 y - the +2 hat of the Bear Spirit (worn) {Spirit, +Rage rN+ MR++}
   (You bought it in a shop on level 7 of the Dungeon)

   It protects you from negative energy.
   It affects your resistance to hostile enchantments.
   It lets you go berserk.
Jewellery
 j - an uncursed ring of magical power
 n - an uncursed ring of protection from fire
 F - the ring of Jaiquuhae {*Slow EV+1 Str+4 Int+4 Stlth+}
   (You found it in a Gauntlet)

   [ring of evasion]

   It affects your evasion (+1).
   It affects your strength (+4).
   It affects your intelligence (+4).
   It may slow you when you take damage.
   It makes you more stealthy.
 K - a ring of magical power (right hand)
 N - the amulet of Dakej {Harm *Drain rPois Dex-2 Slay+4}
   (You took it off a minotaur in a Gauntlet)

   [amulet of harm]

   It increases damage dealt and taken.
   It affects your dexterity (-2).
   It affects your accuracy and damage with ranged weapons and melee attacks
   (+4).
   It protects you from poison.
   It causes draining when unequipped.
 Q - a ring of magical power (left hand)
 R - a +2 ring of strength
Wands
 q - a wand of digging (5)
 s - a wand of flame (21)
 w - a wand of iceblast (28)
 C - a wand of scattershot (12)
 E - a wand of enslavement (9)
 M - a wand of polymorph (7)
 P - a wand of paralysis (17)
Scrolls
 d - 8 scrolls of remove curse
 o - a scroll of fear
 p - 3 scrolls of fog
 v - 2 scrolls of blinking
 D - 3 scrolls of enchant weapon
 J - a scroll of enchant armour
 L - 4 scrolls of identify
Potions
 b - 2 potions of magic
 f - a potion of haste
 g - 2 potions of stabbing
 h - 2 potions of ambrosia
 i - 3 potions of might
 k - a potion of cancellation
 l - 5 potions of flight
 m - a potion of mutation
 r - 4 potions of lignification
 z - a potion of brilliance
 B - 3 potions of curing
 G - a potion of heal wounds
 H - a potion of resistance
 I - 2 potions of invisibility
Comestibles
 c - 33 rations


   Skills:
 + Level 12.2 Fighting
 - Level 1.7 Dodging
 * Level 16.0 Unarmed Combat
 - Level 9.0 Spellcasting
 - Level 10.0 Transmutations
 - Level 9.3 Invocations


You had 16 spell levels left.
You knew the following spells:

 Your Spells              Type           Power        Failure   Level  Hunger
a - Beastly Appendage     Tmut           #####.       1%          1    None
b - Sticks to Snakes      Tmut           #####...     1%          2    None
c - Spider Form           Tmut/Pois      ###.......   3%          3    None
d - Ice Form              Ice/Tmut       ###.....     12%         4    ###....
e - Blade Hands           Tmut           #####.....   4%          5    #####..

Your spell library contained the following spells:

 Spells                   Type           Power        Failure   Level  Hunger
 Freeze                   Ice            #...         10%         1    None
 Magic Dart               Conj           #...         10%         1    None
 Petrify                  Tmut/Erth      ###.....     12%         4    ###....
 Blink                    Tloc           N/A          14%         2    None
 Call Imp                 Summ           #.......     14%         2    None
 Slow                     Hex            #.......     14%         2    None
 Confusing Touch          Hex            #.......     28%         3    None
 Conjure Flame            Conj/Fire      #.......     28%         3    None
 Frozen Ramparts          Ice            #.....       28%         3    None
 Gell's Gravitas          Tloc           #.........   28%         3    None
 Mephitic Cloud           Conj/Pois/Air  #.......     28%         3    None
 Ozocubu's Armour         Chrm/Ice       #.......     28%         3    None
 Yara's Violent Unravell  Hex/Tmut       ###.......   32%         5    #####..
 Hailstorm                Conj/Ice       #.......     67%         4    ###....
 Summon Ice Beast         Ice/Summ       #.......     67%         4    ###....
 Metabolic Englaciation   Hex/Ice        #.........   95%         5    #####..


Dungeon Overview and Level Annotations

Branches:
Dungeon (11/15)            Temple (1/1) D:4            Lair (6/6) D:11
  Swamp (0/4) Lair:4        Snake (0/4) Lair:2        Slime (0/5) Lair:5
    Orc (1/2) D:10        Ossuary (visited)         Gauntlet (visited)

Altars:
Ashenzari
Cheibriados
Dithmenos
Elyvilon
Fedhas
Gozag
Hepliaklqana
Kikubaaqudgha
Makhleb
Nemelex Xobeh
Okawaru
Qazlal
Ru
Sif Muna
Trog
Uskayaw
Vehumet
Wu Jian
Xom
Yredelemnul
Zin
The Shining One
Jiyva

Shops:
D:7 [*


Innate Abilities, Weirdness & Mutations

You can breathe blasts of scalding, opaque steam.
Your pale cyan-grey scales are hard. (AC +8)
You cannot fit into any form of body armour.
You are cold-blooded and may be slowed by cold attacks.
You are robust. (+10% HP)


Message History

The wyvern bites you but does no damage.
The redback barely misses you. The wraith completely misses you.
Unknown command.
Unknown command.
You feel much better.
* * * LOW HITPOINT WARNING * * *
You feel extremely sick. The wyvern closely misses you. The redback bites you.
* * * LOW HITPOINT WARNING * * *
The wraith hits you.
* * * LOW HITPOINT WARNING * * *
The wyvern bites you.
* * * LOW HITPOINT WARNING * * *
The redback bites you but does no damage.
The wraith barely misses you.
Blink to where?
Press: ? - help, Dir - move target cursor You are very lightly contaminated with residual magic.
As you read the scroll of blinking, it crumbles to dust.
You die...

##...##......##P##
###............####
#............#..#
#########.............###
##...#P##.............##
##....................##
#....................##
#...#.##..............##
...####....#.#..@......#
...###.####.##.........####
......#####............##.#
.......##P....Ws.........## ###
.#............§l..........###.###
####...........W...............##
# ##............................
#............................
###............................


You could see 2 wraiths, a wyvern and a redback.

Vanquished Creatures
  Gastronok (Lair:1)
  A minotaur (Gauntlet)
  Snorg (Lair:5)
  Josephine (Lair:6)
  3 hydras
  A catoblepas (Lair:4)
  A two-headed ogre (D:11)
  7 death yaks
  Sonja (Lair:5)
  4 sixfirhies (Gauntlet)
  A death drake (shapeshifter) (D:10)
  2 oklob plants
  Joseph (D:7)
  8 elephants
  7 black mambas
  A torpor snail (Lair:2)
  An apocalypse crab (Gauntlet)
  A gargoyle (D:10)
  11 spiny frogs
  A minotaur zombie (Gauntlet)
  Maggie (Lair:1)
  2 rime drakes (Lair:5)
  4 komodo dragons
  A troll (D:8)
  3 hornets
  24 blink frogs
  9 hippogriffs
  2 dream sheep (Lair:2)
  Sigmund (D:4)
  2 redbacks (Lair:6)
  6 wyverns
  38 yaks
  A basilisk (Lair:2)
  3 hungry ghosts
  Menkaure (D:4)
  A warg (Orc:1)
  Edmund (D:4)
  An acid dragon (D:8)
  A soldier ant (D:10)
  8 water moccasins
  Duvessa (D:4)
  19 porcupines
  10 orc warriors
  2 ice beasts
  A sky beast (D:6)
  4 black bears
  3 phantoms
  18 wolves
  A necrophage (D:11)
  10 ogres
  10 crocodiles
  2 gnoll sergeants (D:10)
  14 bullfrogs
  Dowan (D:4)
  A water moccasin zombie (D:8)
  A wyvern skeleton (D:6)
  4 scorpions
  6 killer bees (D:9)
  13 wights
  4 howler monkeys
  7 crimson imps
  2 bullfrog zombies
  A centaur zombie (D:5)
  8 hounds
  4 jellies
  2 centaur skeletons (D:10)
  11 orc priests
  A gnoll shaman (D:6)
  6 orc wizards
  3 bullfrog skeletons
  Crazy Yiuf (D:2)
  Jessica (D:2)
  Ijyb (D:4)
  6 iguanas
  Natasha (thrice) (D:2)
  11 worker ants
  4 hell rats (Lair:2)
  2 killer bee zombies
  A big kobold zombie (Ossuary)
  A hound zombie (D:7)
  2 mummies (Ossuary)
  12 gnolls
  13 adders
  A howler monkey skeleton (D:7)
  5 shadow imps
  An ooze (D:3)
  An adder zombie (D:8)
  6 worms
  A dart slug (D:3)
  4 leopard geckos
  37 orcs
  2 ball pythons
  7 bats
  8 giant cockroaches
  3 gnoll zombies (Ossuary)
  5 hobgoblins
  13 jackals
  6 quokkas
  6 frilled lizards
  14 goblins
  4 goblin zombies
  7 hobgoblin zombies (Ossuary)
  A jackal skeleton (D:7)
  8 kobolds
  A leopard gecko skeleton (D:4)
  10 rats
  A butterfly (Lair:3)
  A plant (Lair:6)
546 creatures vanquished.

Vanquished Creatures (others)
  29 fungi
  24 plants
53 creatures vanquished.

Grand Total: 599 creatures vanquished

Notes
Turn   | Place    | Note
-------+----------+-------------------------------------------
     0 | D:1      | kae the Draconian Transmuter began the quest for the Orb.
     0 | D:1      | Reached XP level 1. HP: 16/16 MP: 3/3
   244 | D:1      | Reached XP level 2. HP: 23/23 MP: 5/5
  1517 | D:2      | Reached XP level 3. HP: 18/28 MP: 4/6
  1771 | D:2      | Noticed Jessica
  1786 | D:2      | Learned a level 2 spell: Sticks to Snakes
  1790 | D:2      | Learned a level 3 spell: Spider Form
  1810 | D:2      | Killed Jessica
  1810 | D:2      | Reached skill level 4 in Unarmed Combat
  1810 | D:2      | Reached XP level 4. HP: 35/35 MP: 1/7
  2291 | D:2      | Found a runed translucent door.
  2292 | D:2      | Noticed Crazy Yiuf
  2448 | D:2      | Noticed Natasha
  2454 | D:2      | Killed Natasha
  2578 | D:2      | Killed Crazy Yiuf
  2903 | D:2      | Noticed Natasha
  2912 | D:2      | Killed Natasha
  2912 | D:2      | Reached XP level 5. HP: 30/40 MP: 9/9
  3213 | D:2      | Noticed Natasha
  3221 | D:2      | Killed Natasha
  3468 | D:3      | Reached skill level 5 in Unarmed Combat
  4118 | D:3      | You fall into a shaft and drop 1 floor!
  4118 | D:4      | Noticed Menkaure
  4126 | D:4      | Killed Menkaure
  4126 | D:4      | Reached XP level 6. HP: 31/47 MP: 11/11
  4457 | D:4      | Reached skill level 6 in Unarmed Combat
  4457 | D:4      | Your scales start taking on a pale cyan-grey colour.
  4457 | D:4      | Reached XP level 7. HP: 50/52 MP: 12/12
  4715 | D:4      | Noticed Ijyb
  4734 | D:4      | Killed Ijyb
  4770 | D:4      | Noticed Duvessa
  4770 | D:4      | Noticed Dowan
  4786 | D:4      | Killed Duvessa
  4791 | D:4      | Killed Dowan
  5111 | D:4      | Reached skill level 7 in Unarmed Combat
  5228 | D:4      | Found a staircase to the Ecumenical Temple.
  5244 | Temple   | Entered the Ecumenical Temple
  5313 | Temple   | Became a worshipper of Makhleb the Destroyer
  5373 | D:4      | Noticed Edmund
  5395 | D:4      | Killed Edmund
  5395 | D:4      | Reached skill level 5 in Transmutations
  5395 | D:4      | Reached XP level 8. HP: 31/59 MP: 15/15
  5659 | D:4      | Noticed Sigmund
  5663 | D:4      | Killed Sigmund
  6063 | D:5      | Entered Level 5 of the Dungeon
  6084 | D:5      | Reached skill level 5 in Spellcasting
  6149 | D:5      | Reached skill level 8 in Unarmed Combat
  6415 | D:5      | Reached * piety under Makhleb
  6860 | D:6      | Found a sand-covered staircase.
  6870 | Ossuary  | Entered an ossuary
  6975 | Ossuary  | Reached ** piety under Makhleb
  7078 | D:6      | Reached XP level 9. HP: 13/64 MP: 17/17
  7179 | D:6      | Reached skill level 9 in Unarmed Combat
  7939 | D:7      | Found Ytzu's Assorted Antiques.
  8023 | D:7      | Noticed Joseph
  8132 | D:7      | Found Liusonga's Armour Emporium.
  8150 | D:7      | Bought the +2 hat of the Bear Spirit {Spirit, +Rage rN+
                  | MR++} for 547 gold pieces
  8150 | D:7      | Found the +2 hat of the Bear Spirit {Spirit, +Rage rN+
                  | MR++}
  8306 | D:7      | Reached skill level 10 in Unarmed Combat
  8690 | D:7      | Killed Joseph
  8778 | D:8      | Reached XP level 10. HP: 71/71 MP: 20/20
  8818 | D:7      | Learned a level 4 spell: Ice Form
  8824 | D:7      | Learned a level 5 spell: Blade Hands
  8875 | D:7      | Reached *** piety under Makhleb
  9330 | D:8      | Reached skill level 11 in Unarmed Combat
  9745 | D:8      | Found a glowing silver altar of Zin.
 10062 | D:9      | Reached **** piety under Makhleb
 10189 | D:9      | Reached skill level 12 in Unarmed Combat
 10458 | D:10     | Entered Level 10 of the Dungeon
 10486 | D:10     | Reached XP level 11. HP: 77/77 MP: 22/23
 10533 | D:10     | Noticed a glowing orange brain
 10534 | D:10     | Noticed a death drake
 10534 | D:10     | a glowing orange brain changed into a death drake
 10550 | D:10     | Killed a death drake
 10924 | D:10     | Paralysed by a hornet for 3 turns
 11260 | D:10     | Got a pair of smoking gloves
 11793 | D:10     | Reached ***** piety under Makhleb
 11919 | D:10     | Found a staircase to the Orcish Mines.
 12049 | Orc:1    | Entered Level 1 of the Orcish Mines
 12183 | Orc:1    | Noticed an orc knight
 12276 | Orc:1    | Reached skill level 13 in Unarmed Combat
 12806 | D:11     | Found a staircase to the Lair.
 12909 | D:11     | Reached skill level 10 in Transmutations
 12914 | D:11     | Found a shadowy altar of Dithmenos.
 12916 | D:11     | Noticed a two-headed ogre
 12940 | D:11     | Killed a two-headed ogre
 13481 | Lair:1   | Entered Level 1 of the Lair of Beasts
 13797 | Lair:1   | Noticed an oklob plant
 13863 | Lair:1   | Killed an oklob plant
 14017 | Lair:1   | Noticed a four-headed hydra
 14062 | Lair:1   | Killed a four-headed hydra
 14062 | Lair:1   | Reached skill level 5 in Fighting
 14062 | Lair:1   | Reached XP level 12. HP: 94/94 MP: 25/25
 14143 | Lair:1   | Reached skill level 5 in Invocations
 14269 | Lair:1   | Noticed Gastronok
 14382 | Lair:1   | Killed Gastronok
 14517 | Lair:1   | Identified the cursed +0 pair of gloves of the Mutiny {rC++
                  | rN+ Str-2 Int+3} (You found it on level 10 of the Dungeon)
 14663 | Lair:1   | Noticed Maggie
 14697 | Lair:1   | Killed Maggie
 14774 | Lair:1   | Noticed an eight-headed hydra
 15483 | Lair:1   | HP: 1/100 [eight-headed hydra (6)]
 17221 | Lair:2   | You fall into a shaft and drop 1 floor!
 17390 | Lair:3   | Reached XP level 13. HP: 94/111 MP: 26/26
 18395 | Lair:2   | Found a staircase to the Snake Pit.
 18692 | Lair:2   | Gained mutation: Your spells are a little easier to cast,
                  | but a little less powerful. [potion of mutation]
 18692 | Lair:2   | Lost mutation: Your spells are a little easier to cast, but
                  | a little less powerful. [potion of mutation]
 18692 | Lair:2   | Gained mutation: You are robust. (+10% HP) [potion of
                  | mutation]
 19081 | Lair:3   | Reached skill level 10 in Fighting
 19086 | Lair:3   | Reached ****** piety under Makhleb
 19270 | Lair:4   | Found a staircase to the Swamp.
 19812 | Lair:4   | Reached skill level 14 in Unarmed Combat
 20924 | Lair:5   | Noticed Snorg
 20935 | Lair:5   | Killed Snorg
 21735 | Lair:5   | Reached skill level 15 in Unarmed Combat
 22069 | Lair:5   | Noticed Sonja
 22075 | Lair:5   | Killed Sonja
 22168 | Lair:5   | Found a viscous altar of Jiyva.
 22168 | Lair:5   | Found a staircase to the Slime Pits.
 22441 | Lair:6   | Entered Level 6 of the Lair of Beasts
 22456 | Lair:6   | Reached XP level 14. HP: 136/136 MP: 27/27
 22552 | Lair:6   | Found a gate leading to a gauntlet.
 22635 | Gauntlet | Entered a Gauntlet
 22635 | Gauntlet | Found a transporter.
 22715 | Gauntlet | Found a transporter.
 22718 | Gauntlet | Found a transporter.
 22719 | Gauntlet | Found a transporter.
 22734 | Gauntlet | Found a transporter.
 22744 | Gauntlet | Found a transporter.
 22763 | Gauntlet | Found a runed translucent gate.
 22764 | Gauntlet | Found a transporter.
 22764 | Gauntlet | Found a runed translucent gate.
 22765 | Gauntlet | Found a runed translucent gate.
 22777 | Gauntlet | Found a transporter.
 22799 | Gauntlet | Found a transporter.
 22801 | Gauntlet | Found a transporter.
 22809 | Gauntlet | Found a transporter.
 22827 | Gauntlet | Found a runed translucent door.
 22839 | Gauntlet | Found a transporter.
 23031 | Gauntlet | Got an ichor-stained hat
 23041 | Gauntlet | Paralysed by you for 3 turns
 23068 | Gauntlet | Got a coiled turquoise ring
 23205 | Gauntlet | Identified the ring of Jaiquuhae {*Slow EV+1 Str+4 Int+4
                  | Stlth+} (You found it in a Gauntlet)
 23206 | Gauntlet | Identified the cursed -1 hat "Put-Me-On" {-Tele rPois
                  | Dex+8} (You found it in a Gauntlet)
 23216 | Gauntlet | Identified the amulet of Dakej {Harm *Drain rPois Dex-2
                  | Slay+4}
 23684 | Lair:6   | Reached skill level 16 in Unarmed Combat
 23690 | Lair:6   | Noticed Josephine
 24020 | Lair:6   | Killed Josephine
 24028 | Lair:5   | HP: 6/138 [poisoned by a redback]
 24028 | Lair:5   | HP: 1/138 [wyvern (5)]
 24030 | Lair:5   | Succumbed to a redback's poison

Levels and vault maps discovered:
D:1:      saegor_arrival_simple_e, layout_basic
D:2:      layout_basic, uniq_crazy_yiuf_cottage, uniq_natasha, uniq_jessica
D:3:      layout_rooms
D:4:      layout_loops_ring, minmay_temple_entry_offerings,
          sigmund_edmund_badplayer, uniq_duvessa, uniq_ijyb, uniq_menkaure
D:5:      layout_cave_pools, first_ration, minmay_misc_feat_columns
D:6:      layout_rooms, enter_ossuary_3
D:7:      layout_cave_pools, serial_shops, nicolae_shop_stone,
          nicolae_shop_competitors_out_of_business, uniq_joseph
D:8:      layout_cave_pools, zin_treasury
D:9:      layout_basic
D:10:     layout_loops_ring, david_orc_4, hangedman_pestilent_swarm
D:11:     layout_loops_ring, due_lair_maze_entry_diamond,
          nicolae_dithmenos_shadow_blocks
Temple:   dpeg_three_leaves_temple
Lair:1:   layout_chaotic_city, serial_bayou_shore_b, minmay_lair_oklob_chamber,
          uniq_gastronok, uniq_maggie
Lair:2:   layout_regular_city, dummy_snake_entry, st_stairs_5,
          beast_lair_carwin_2, infiniplex_staircase_pool
Lair:3:   layout_regular_city, lemuel_fruit_fields
Lair:4:   layout_regular_city, minmay_swamp_entry_reptiles, grunt_megastairs_3
Lair:5:   layout_layer_cave, dpeg_slime_entry_enclosed_altar, uniq_sonja,
          uniq_snorg
Lair:6:   hangedman_lair_tendril_chambers, layout_loops_ring,
          hangedman_lair_caniforms_friends, gauntlet_entry_generic, uniq_urug,
          uniq_josephine
Orc:1:    layout_diamond_mine, basic_altar

Skill      XL: |  1  2  3  4  5  6  7  8  9 10 11 12 13 14 |
---------------+-------------------------------------------+-----
Unarmed Combat | 4 5 6 7 8 10 12 13 15 16 | 16.0
Transmutations | 3 4 5 6 7 8 10 | 10.0
Spellcasting   | 3 4 5 6 8 9 |  9.0
Fighting       | 5 9 11 12 | 12.2
Invocations    | 4 9 |  9.3
Dodging        | |  1.7

Action                   |  1- 3 |  4- 6 |  7- 9 | 10-12 | 13-15 || total
-------------------------+-------+-------+-------+-------+-------++-------
Melee: Unarmed           |    95 |   116 |   287 |   593 |   368 ||  1459
       Headbutt          |     3 |       |     4 |       |       ||     7
       Tailslap          |    10 |    14 |    23 |    52 |    24 ||   123
       Kick              |     2 |     6 |     2 |       |       ||    10
       Punch             |       |     1 |     5 |    17 |    16 ||    39
 Cast: Beastly Appendage |    18 |     6 |     3 |       |       ||    27
       Spider Form       |       |     9 |    12 |       |       ||    21
       Sticks to Snakes  |       |       |     1 |       |       ||     1
       Blade Hands       |       |       |       |    27 |    12 ||    39
       Ice Form          |       |       |       |    14 |    27 ||    41
Invok: Lesser Servant of |       |       |       |     1 |       ||     1
 Abil: Breathe Steam     |       |       |    58 |    82 |    23 ||   163
  Use: Scroll            |     5 |       |    13 |     7 |     8 ||    33
       Potion            |       |       |     2 |     5 |     6 ||    13
 Stab: Sleeping          |       |     1 |     1 |       |       ||     2
  Eat: Chunk             |     3 |    10 |    22 |    43 |    21 ||    99
       Ration            |       |       |       |     2 |     3 ||     5
Armor: Skin              |    25 |    20 |    83 |   199 |    99 ||   426
Dodge: Dodged            |    72 |    96 |   203 |   306 |   245 ||   922

Table legend:
 A = Non-vault XP
 B = Vault XP
 C = Vault XP percentage of total XP
 D = Non-vault monster count
 E = Vault monster count
 F = Vault count percentage of total count
                 A         B        C        D         E       F
            +---------+---------+-------+---------+---------+-------
      Total |   54188 |   23941 |  30.6 |     439 |     105 |  19.3
            +---------+---------+-------+---------+---------+-------
        D:1 |      36 |       0 |   0.0 |      26 |       0 |   0.0
        D:2 |     125 |     109 |  46.6 |      18 |       3 |  14.3
        D:3 |     138 |       0 |   0.0 |      25 |       0 |   0.0
        D:4 |     570 |     815 |  58.8 |      22 |       6 |  21.4
        D:5 |     693 |       0 |   0.0 |      29 |       0 |   0.0
        D:6 |     738 |       1 |   0.1 |      19 |       1 |   5.0
        D:7 |    1823 |     471 |  20.5 |      41 |       1 |   2.4
        D:8 |    2161 |       0 |   0.0 |      31 |       0 |   0.0
        D:9 |    2742 |       0 |   0.0 |      31 |       0 |   0.0
       D:10 |    3550 |    1541 |  30.3 |      40 |      19 |  32.2
       D:11 |    1658 |    1433 |  46.4 |      10 |      11 |  52.4
     Lair:1 |    7066 |    3571 |  33.6 |      29 |       5 |  14.7
     Lair:2 |    6880 |    1294 |  15.8 |      32 |       5 |  13.5
     Lair:3 |    3204 |     724 |  18.4 |      12 |       6 |  33.3
     Lair:4 |    6142 |    1423 |  18.8 |      23 |       6 |  20.7
     Lair:5 |   11479 |    2101 |  15.5 |      36 |       3 |   7.7
     Lair:6 |    4701 |    5279 |  52.9 |      10 |      16 |  61.5
      Orc:1 |     482 |       0 |   0.0 |       5 |       0 |   0.0
    Ossuary |       0 |      79 | 100.0 |       0 |      16 | 100.0
   Gauntlet |       0 |    5100 | 100.0 |       0 |       7 | 100.0
            +---------+---------+-------+---------+---------+-------
